 Dungeon Crawl Stone Soup version 0.31-a0-150-g89dc3ad700 (webtiles) character file.

Game seed: 7355025627995501198

198 qw the Shooter (level 5, 0/33 HPs)
             Began as a Gargoyle Hunter on June 8, 2023.
             Slain by a gnoll
             ... wielding a +0 flail
             ... led by a gnoll bouda
              (1 damage)
             ... on level 4 of the Dungeon.
             The game lasted 00:00:53 (2337 turns).

qw the Shooter (Gargoyle Hunter)                    Turns: 2337, Time: 00:00:53

Health: 0/33       AC: 10    Str: 14    XL:     5   Next: 77%
Magic:  5/5        EV: 11    Int: 10    God:
Gold:   132        SH:  0    Dex: 15    Spells: 4/4 levels left

rFire   . . .        Y - +0 shortbow
rCold   . . .        (shield currently unavailable)
rNeg    + . .        f - +3 leather armour
rPois   inf          (no helmet)
rElec   +            (no cloak)
rCorr   .            (no gloves)
SInv    .            (no boots)
Will    .....        (no amulet)
Stlth   ++           (no ring)
HPRegen 0.25/turn    (no ring)
MPRegen 0.09/turn

%: no passive effects
@: no status effects
A: sickness immunity, AC +4, negative energy resistance 1, electricity
resistance, torment resistance 1, petrification resistance
a: no special abilities


You were on level 4 of the Dungeon.
You visited 1 branch of the dungeon, and saw 4 of its levels.

You collected 132 gold pieces.


Innate Abilities, Weirdness & Mutations

You are immune to sickness and miasma.
Your stone body is resilient. (AC +4)
You are immune to poison.
You resist negative energy. (rN+)
You are resistant to electric shocks. (rElec)
You are resistant to unholy torment.
You are immune to petrification.


   Skills:
 + Level 3.8 Fighting
 - Level 6.1 Ranged Weapons
 - Level 1.5 Dodging
 - Level 1.1 Stealth


You had 4 spell levels left.
You didn't know any spells.
Your spell library was empty.

Inventory:

Hand Weapons
 Y - a +0 shortbow (weapon)
Armour
 f - a +3 leather armour (worn)
Potions
 b - a potion of curing
 c - a potion of attraction {unknown}
 d - a potion of heal wounds {unknown}
 e - a potion of might {unknown}
 g - a potion of invisibility {unknown}

Dungeon Overview and Level Annotations

Branches:
Dungeon (4/15)
 Temple: D:4-7

Altars:
Fedhas
Uskayaw

Shops:
D:1 :

Annotations:
D:3 1 runed translucent door, Crazy Yiuf


Message History

The hound is lightly wounded.
The hound bites you but does no damage. The gnoll hits you but does no damage.
The hound bites you but does no damage.
You shoot an arrow. The arrow hits the hound!
The hound is heavily wounded.
The hound bites you but does no damage. The gnoll hits you but does no damage.
You shoot an arrow. The arrow misses the hound.
The hound bites you but does no damage. The hound barely misses you.
The gnoll hits you but does no damage.
You shoot an arrow. The arrow misses the hound.
The hound barely misses you. The gnoll closely misses you.
The gnoll misses you. The hound completely misses you.
You shoot an arrow. The arrow misses the hound.
The hound bites you but does no damage. The gnoll closely misses you.
The gnoll hits you but does no damage.
The hound stops to sniff the ground.
The hound bites you but does no damage.
You shoot an arrow. The arrow barely misses the hound.
The gnoll hits you with a +0 whip. The gnoll hits you with a +0 whip!
The hound completely misses you.
You shoot an arrow. The arrow hits the hound.
The hound is severely wounded.
The hound barely misses you. The gnoll hits you with a +0 whip.
The gnoll bouda hits you with a +0 whip.
The hound bites you but does no damage. The gnoll misses you.
The gnoll hits you with a +0 flail. The gnoll hits you with a +0 whip.
You shoot an arrow. The arrow barely misses the hound.
The gnoll bouda hits you with a +0 whip!
The hound bites you but does no damage. The gnoll hits you but does no damage.
The gnoll barely misses you. The gnoll hits you with a +0 whip.
You shoot an arrow. The arrow barely misses the hound.
The arrow closely misses the gnoll.
The hound misses you. The gnoll bouda barely misses you.
The hound bites you but does no damage. The gnoll barely misses you.
The gnoll completely misses you. The gnoll barely misses you.
The gnoll bouda barely misses you.
You shoot an arrow. The arrow hits the hound.
The hound is almost dead.
The hound bites you but does no damage. The gnoll hits you with a +0 flail.
You die...

...........#.##
..............#
.###.........#...
.........?.......
.................
.................
.........gg.)....
........@hg..... .
.##....gg...... #..
#.....#......
#..####...#.##.....
.....#...###.......
.....<...# #......
#.##.#..### #......
#.......#.#........
#.##..>..........


You could see a gnoll bouda, a hound and 4 gnolls.

Vanquished Creatures
  A hound (D:4)
  2 orc priests (D:4)
  5 adders
  A dart slug (D:1)
  4 orcs
  4 ball pythons
  11 endoplasms
  6 giant cockroaches
  4 hobgoblins
  2 quokkas
  3 frilled lizards
  8 goblins
  5 kobolds
  2 rats
58 creatures vanquished.

Notes
Turn   | Place    | Note
-------+----------+-------------------------------------------
     0 | D:1      | qw the Gargoyle Hunter began the quest for the Orb.
     0 | D:1      | Reached XP level 1. HP: 12/12 MP: 1/1
     0 | D:1      | 0 ||| qw: Version: 0.2-a-119-g7aa9181
     0 | D:1      | 0 ||| qw: Game counter: 2890
     0 | D:1      | 0 ||| qw: Always use a shield: true
     0 | D:1      | 0 ||| qw: God list: Okawaru
     0 | D:1      | 0 ||| qw: Allow faded altars: false
     0 | D:1      | 0 ||| qw: Do Orc after D:15 true
     0 | D:1      | 0 ||| qw: Do second Lair branch before Depths: true
     0 | D:1      | 0 ||| qw: Lair rune preference: random
     0 | D:1      | 0 ||| qw: Plans: Normal
     0 | D:1      | 0 ||| PLANNING D:1-11
   126 | D:1      | Reached XP level 2. HP: 16/17 MP: 2/2
   135 | D:1      | Found Wyculot's Book Shop.
   535 | D:1      | Reached XP level 3. HP: 21/21 MP: 3/3
   616 | D:1      | 616 ||| UPGRADING to +3 leather armour.
   626 | D:1      | 626 ||| DROPPING +0 leather armour.
   627 | D:1      | 627 ||| READING scroll labelled JYTZICL HOBOG.
   630 | D:1      | 630 ||| DROPPING scroll of butterflies.
   682 | D:2      | Reached skill level 5 in Ranged Weapons
  1231 | D:2      | Reached skill level 3 in Fighting
  1231 | D:2      | Reached XP level 4. HP: 28/28 MP: 4/4
  1238 | D:2      | Found a hide-covered altar of Uskayaw.
  1436 | D:2      | 1436 ||| READING scroll labelled EPU FOEF ETAORR.
  1437 | D:2      | 1437 ||| READING scroll labelled NENEEXZ GUCK.
  1438 | D:2      | 1438 ||| DRINKING 2 brown potions.
  1439 | D:2      | 1439 ||| DRINKING 2 cyan potions.
  1440 | D:2      | 1440 ||| DROPPING potion of brilliance.
  1635 | D:3      | Found a faded altar of an unknown god.
  1790 | D:3      | Found a runed translucent door.
  1791 | D:3      | Noticed Crazy Yiuf
  1910 | D:3      | Found a blossoming altar of Fedhas.
  2124 | D:3      | 2124 ||| READING scroll labelled BIYFAM SUZXA.
  2125 | D:3      | 2125 ||| READING scroll labelled MOSOEBB OGESS.
  2126 | D:3      | 2126 ||| READING scroll labelled OMAMPA TENUCY.
  2156 | D:4      | 2156 ||| PLANNING SEWER
  2165 | D:4      | Reached XP level 5. HP: 22/32 MP: 5/5
  2169 | D:4      | HP: 8/32 [orc priest/+0 club (3)]
  2170 | D:4      | 2170 ||| READING scroll of teleportation.
  2174 | D:4      | Reached skill level 6 in Ranged Weapons
  2176 | D:4      | HP: 8/32 [adder (2)]
  2181 | D:4      | HP: 3/32 [orc/+0 trident (5)]
  2182 | D:4      | HP: 1/32 [orc/+0 club (2)]
  2335 | D:4      | HP: 4/33 [gnoll bouda/+0 whip (8)]
  2335 | D:4      | HP: 1/33 [gnoll/+0 whip[a gnoll bouda] (3)]
  2337 | D:4      | Slain by a gnoll

Levels and vault maps discovered:
D:1:      enne_arrival_octagon_isle, layout_basic, serial_shops, shop
D:2:      layout_loops_ring, basic_altar, kennysheep_potato
D:3:      layout_basic, fedhas_ov_isle_minmay,
          shapermc_ecumenical_altar_mp_ritualfount, uniq_crazy_yiuf_cottage
D:4:      layout_cave_pools, portal_sewer_entry_b

Skill      XL: |  1  2  3  4  5 |
---------------+----------------+-----
Ranged Weapons | 5 6 |  6.1
Fighting       | 3 |  3.8
Dodging        | |  1.5
Stealth        | |  1.1

Action                     |  1- 3 |  4- 6 || total
---------------------------+-------+-------++-------
   Fire: Shortbow          |   116 |    94 ||   210
    Use: Scroll            |     1 |     6 ||     7
         Potion            |       |     2 ||     2
 Armour: Leather armour    |    24 |    44 ||    68
  Dodge: Dodged            |    26 |    50 ||    76

Table legend:
 A = Non-vault XP
 B = Vault XP
 C = Vault XP percentage of total XP
 D = Non-vault monster count
 E = Vault monster count
 F = Vault count percentage of total count
                 A         B        C        D         E       F
            +---------+---------+-------+---------+---------+-------
      Total |     282 |       2 |   0.7 |      57 |       1 |   1.7
            +---------+---------+-------+---------+---------+-------
        D:1 |      34 |       0 |   0.0 |      18 |       0 |   0.0
        D:2 |      54 |       2 |   3.6 |      19 |       1 |   5.0
        D:3 |      44 |       0 |   0.0 |      11 |       0 |   0.0
        D:4 |     150 |       0 |   0.0 |       9 |       0 |   0.0
            +---------+---------+-------+---------+---------+-------
